 Dungeon Crawl Stone Soup version 0.18.1-50-g88ac8fd (webtiles) character file.

157 Amnesiac the Cutter (level 5, 0/41 HPs)
             Began as a Merfolk Fighter on Mar 10, 2018.
             Was an Initiate of Gozag.
             Killed by divine providence
             ... invoked by an orc priest
              (16 damage)
             ... on level 3 of the Dungeon.
             The game lasted 00:05:27 (2863 turns).

Amnesiac the Cutter (Merfolk Fighter)               Turns: 2863, Time: 00:05:28

Health: 0/41       AC:  6    Str: 18    XL:     5   Next: 38%
Magic:  5/5        EV:  7    Int:  9    God:    Gozag
Gold:   227        SH:  9    Dex: 16    Spells: 0 memorised, 4 levels left

rFire  . . .     SeeInvis .     a - +0 rapier
rCold  . . .     Gourm    .     b - +0 scale mail
rNeg   . . .     Faith    .     c - +0 shield
rPois  .         Spirit   .     (no helmet)
rElec  .         Dismiss  .     (no cloak)
rCorr  .         Reflect  .     (no gloves)
SustAt .         Harm     .     (no boots)
MR     .....                    (no amulet)
Stlth  ..........               o - +3 ring of dexterity
                                l - +2 ring of intelligence

@: not resistant to hostile enchantments, extremely unstealthy
A: change form in water, swift swim
a: Potion Petition, Call Merchant, Bribe Branch, Renounce Religion


You were on level 3 of the Dungeon.
You worshipped Gozag.
Gozag was noncommittal.
You were hungry.

You visited 1 branch of the dungeon, and saw 4 of its levels.

You collected 265 gold pieces.
You paid 38 gold pieces to Gozag.

Inventory:

Hand Weapons
 a - a +0 rapier (weapon)
Armour
 b - a +0 scale mail (worn)
 c - a +0 shield (worn)
Jewellery
 l - a +2 ring of intelligence (left hand)
 o - a +3 ring of dexterity (right hand)
Scrolls
 g - a scroll of teleportation {!r, unknown}
 j - a scroll of enchant weapon {!r, unknown}
 k - a scroll of identify {!r}
 m - a scroll of remove curse {!r}
 n - a scroll of magic mapping {!r, unknown}
Potions
 d - a potion of might {!q}
 e - 2 potions of lignification {!q}
 f - a potion of magic {!q}
 h - 3 potions of heal wounds {!q}
 i - 2 potions of ambrosia {!q}


   Skills:
 - Level 3.2 Fighting
 + Level 6.5 Short Blades
 - Level 2.1 Armour
 - Level 3.0 Shields


You had 4 spell levels left.
You didn't know any spells.

Dungeon Overview and Level Annotations

Branches:
Dungeon (4/15)
 Temple: D:4-7

Altars:
Gozag
Vehumet

Annotations:
D:1 Crazy Yiuf


Message History

You hit Amnesiac's ghost.
Amnesiac's ghost is severely damaged.
Amnesiac's ghost hits you but does no damage.
You hit Amnesiac's ghost.
Amnesiac's ghost is almost destroyed.
You block Amnesiac's ghost's attack.
You hit Amnesiac's ghost but do no damage.
Amnesiac's ghost is almost destroyed.
Amnesiac's ghost hits you but does no damage.
You hit Amnesiac's ghost but do no damage.
Amnesiac's ghost is almost destroyed.
Amnesiac's ghost hits you.
You hit Amnesiac's ghost but do no damage.
Amnesiac's ghost is almost destroyed.
Amnesiac's ghost hits you.
You hit Amnesiac's ghost.
You destroy Amnesiac's ghost!
Your life force feels restored.
You now have 227 gold pieces (gained 4).
An orc comes into view. It is wielding a flail.
An orc priest comes into view. It is wielding a mace.
The orc shouts!
You hear a shout!
You hit the orc priest.
The orc priest is lightly wounded.
The orc priest hits you with a mace. The orc hits you with a flail.
You hit the orc priest but do no damage.
The orc priest is lightly wounded.
The orc priest hits you but does no damage.
You aren't carrying any items that you can evoke.
Unknown command.
You are feeling hungry.
You closely miss the orc priest.
The orc priest is lightly wounded.
The orc closely misses you.
The orc priest calls down the wrath of Beogh upon you.
You barely resist.
You hit the orc priest but do no damage.
The orc priest is lightly wounded.
You block the orc's attack.
You hit the orc priest.
The orc priest is lightly wounded.
You block the orc priest's attack. The orc hits you but does no damage.
You hit the orc priest but do no damage.
The orc priest is lightly wounded.
The orc priest calls down the wrath of Beogh upon you.
Pain shoots through your body!
* * * LOW HITPOINT WARNING * * *
You hit the orc priest but do no damage.
The orc priest is lightly wounded.
You block the orc's attack.
The orc priest looks braver for a moment.
Unknown command.
Unknown command.
Unknown command.
You barely miss the orc priest.
The orc priest is lightly wounded.
The orc hits you but does no damage. You block the orc priest's attack.
You hit the orc priest.
The orc priest is heavily wounded.
The orc hits you but does no damage.
The orc priest mumbles some strange prayers to Beogh against you.
Beogh smites you!
You die...
Your body crumbles into a pile of gold.

### ...o ###.. #...
####.#
#....#########
###...oo@.......
#####....##o########
#......##...#
....#..####.### ##
##.## ##.##
##..####...#
..###..###.....#
############
#.....#....#...#
#..........#
...........#...#
#..).......#


You could see an orc priest and 2 orcs.

Vanquished Creatures
  A giant frog skeleton (D:4)
  The ghost of Amnesiac the Shield-Bearer, a weakling DEFi (D:3)
  3 gnolls (D:2)
  2 adders
  An ooze (D:2)
  A worm (D:2)
  3 dart slugs (D:2)
  A giant gecko (D:2)
  4 orcs
  4 bats
  6 hobgoblins
  6 jackals
  5 kobolds
  2 quokkas (D:2)
  A ball python (D:2)
  7 goblins
  2 rats
50 creatures vanquished.

Notes
Turn   | Place    | Note
--------------------------------------------------------------
     0 | D:1      | Amnesiac the Merfolk Fighter began the quest for the Orb.
     0 | D:1      | Reached XP level 1. HP: 18/18 MP: 1/1
    83 | D:1      | Reached skill level 3 in Short Blades
   161 | D:1      | Reached XP level 2. HP: 24/24 MP: 2/2
   220 | D:2      | Found a radiant altar of Vehumet.
   385 | D:2      | Reached skill level 4 in Short Blades
   386 | D:2      | Reached XP level 3. HP: 18/29 MP: 3/3
   560 | D:4      | Reached skill level 5 in Short Blades
   560 | D:4      | Reached XP level 4. HP: 20/35 MP: 4/4
   678 | D:2      | Found an opulent altar of Gozag.
   683 | D:2      | Became a worshipper of Gozag Ym Sagoz the Greedy
  1793 | D:2      | Noticed Crazy Yiuf
  2343 | D:2      | Reached skill level 6 in Short Blades
  2343 | D:2      | Reached XP level 5. HP: 33/41 MP: 5/5
  2828 | D:3      | Noticed Amnesiac's ghost (weakling DEFi)
  2849 | D:3      | Killed Amnesiac's ghost
  2863 | D:3      | Killed from afar by an orc priest

Skill      XL: |  1  2  3  4 |
---------------+-------------+-----
Short Blades   | 3 4 5 6 |  6.5
Fighting       | |  3.2
Armour         | |  2.1
Shields        | |  3.0

Action                   |  1- 3 |  4- 6 || total
-------------------------+-------+-------++-------
Melee: Rapier            |    75 |   169 ||   244
  Use: Scroll            |       |     7 ||     7
  Eat: Bread ration      |       |     1 ||     1
       Beef jerky        |       |     1 ||     1
Armor: Scale mail        |    35 |    72 ||   107
Dodge: Dodged            |    19 |    45 ||    64
Block: Shield            |    35 |    69 ||   104
